 Dungeon Crawl Stone Soup version 0.20-a0-303-g575bbf7 (webtiles) character file.

103 Junicave the Digger (level 4, 0/24 HPs)
             Began as a Gargoyle Earth Elementalist on Dec 17, 2016.
             Slain by an orc
             ... wielding a +0 short sword
              (1 damage)
             ... on level 3 of the Dungeon.
             The game lasted 00:06:20 (2277 turns).

Junicave the Digger (Gargoyle Earth Elementalist)   Turns: 2277, Time: 00:06:20

Health: 0/24       AC:  7    Str: 12    XL:     4   Next: 79%
Magic:  0/9        EV: 12    Int: 16    God:
Gold:   87         SH:  0    Dex: 10    Spells: 9/10 levels left

rFire  . . .     SeeInvis .     i - -2 dagger (curse)
rCold  . . .     Gourm    .     c - +0 robe
rNeg   + . .     Faith    .     (no shield)
rPois  ∞         Spirit   .     n - +0 helmet
rElec  +         Reflect  .     (no cloak)
rCorr  .         Harm     .     m - +0 pair of gloves
MR     .....                    (no boots)
Stlth  ++........               (no amulet)
                                (no ring)
                                (no ring)

@: no status effects
A: negative energy resistance 1, electricity resistance, unbreathing,
petrification resistance, rot immunity, AC +3
a: no special abilities


You were on level 3 of the Dungeon.
You were hungry.

You visited 1 branch of the dungeon, and saw 3 of its levels.

You collected 87 gold pieces.

Inventory:

Hand Weapons
 a - a +0 short sword
 i - a cursed -2 dagger (weapon)
Missiles
 b - 55 stones (quivered)
Armour
 c - a +0 robe (worn)
 m - a +0 pair of gloves (worn)
 n - a +0 helmet (worn)
Scrolls
 f - a scroll of immolation {unknown}
 g - 2 scrolls of identify {unknown}
 o - a scroll of amnesia {unknown}
 q - a scroll of magic mapping {unknown}
Potions
 h - a potion of mutation {unknown}
 j - 2 potions of brilliance {unknown}
Books
 e - a book of Geomancy

   Spells                             Type                      Level
   a - Sandblast                      Earth                        1
   b - Passwall                       Transmutation/Earth          2
   c - Stone Arrow                    Conjuration/Earth            3
   d - Petrify                        Transmutation/Earth          4
   e - Lee's Rapid Deconstruction     Earth                        5
Comestibles
 d - a bread ration
 k - a slice of pizza
 l - a beef jerky
 p - a meat ration


   Skills:
 - Level 1.5 Dodging
 - Level 2.1 Stealth
 * Level 3.8 Spellcasting
   Level 0.7 Transmutations
 + Level 4.7 Earth Magic


You had 9 spell levels left.
You knew the following spells:

 Your Spells              Type           Power        Failure   Level  Hunger
a - Sandblast             Erth           ###...       2%          1    None


Dungeon Overview and Level Annotations

Branches:
Dungeon (3/15)

Altars:

Annotations:
D:2 Natasha


Innate Abilities, Weirdness & Mutations

You are resistant to torment.
Your stone body is resilient. (AC +3)
You are immune to poison.
You resist negative energy. (rN+)
You are resistant to electric shocks. (rElec)
You can survive without breathing.
You are immune to petrification.
You are immune to rotting.


Message History

The orc wizard is lightly wounded.
The orc barely misses you. The orc wizard hits you with a dagger.
* * * LOW HITPOINT WARNING * * *
You closely miss the orc wizard.
The orc wizard is lightly wounded.
The orc completely misses you.
The orc wizard hits you but does no damage.
You barely miss the orc wizard.
The orc wizard is lightly wounded.
The orc hits you with a short sword.
* * * LOW HITPOINT WARNING * * *
The orc wizard barely misses you.
You hit the orc wizard but do no damage.
The orc wizard is lightly wounded.
The orc hits you but does no damage.
The orc wizard hits you but does no damage.
You barely miss the orc wizard.
The orc wizard is lightly wounded.
The orc hits you with a short sword.
You die...

#.# #.#
.######.####
.....>...o.#
#######.##.#
#....oo.##.#
#o########o#
#o# #.# #@#
#o# #o# #o#
#.# ####.#
##.## #..).#
##...## #o####
##..<.o###.#
#)......##o#
#........o†o.#
#.#.......####


You could see an orc wizard and 2 orcs.

Vanquished Creatures
  Natasha (D:2)
  Robin (D:1)
  An ooze (D:1)
  A leopard gecko (D:1)
  An orc (D:3)
  A giant cockroach (D:1)
  16 goblins
  6 hobgoblins
  7 jackals
  2 bats (D:1)
  5 frilled lizards (D:1)
  10 kobolds
  5 rats
57 creatures vanquished.

Notes
Turn   | Place    | Note
-------+----------+-------------------------------------------
     0 | D:1      | Junicave the Gargoyle Earth Elementalist began the quest for the Orb.
     0 | D:1      | Reached XP level 1. HP: 10/10 MP: 3/3
    88 | D:1      | Reached XP level 2. HP: 10/15 MP: 0/5
   512 | D:1      | Reached XP level 3. HP: 17/19 MP: 3/7
   753 | D:1      | Reached skill level 4 in Earth Magic
  1228 | D:2      | Noticed Robin
  1488 | D:1      | Reached XP level 4. HP: 8/24 MP: 5/9
  1742 | D:1      | Killed Robin
  1896 | D:2      | Noticed Natasha
  1912 | D:2      | Killed Natasha
  1915 | D:2      | Noticed Natasha
  1924 | D:2      | HP: 1/24 [jackal (1)]
  2275 | D:3      | HP: 1/24 [orc/short sword (3)]
  2277 | D:3      | Slain by an orc

Vault maps used:
D:1:      lemuel_arrival_funnel, minivault_4, minmay_fountain_box,
          roderic_serpentine_path, minmay_cut_off
D:2:      first_bread, hangedman_decor_push, uniq_natasha, uniq_iyjb, uniq_robin

Skill      XL: |  1  2  3 |
---------------+----------+-----
Spellcasting   | 3 |  3.8
Earth Magic    | 4 |  4.7
Dodging        | |  1.5
Stealth        | |  2.1
Transmutations | |  0.7

Action                   |  1- 3 |  4- 6 || total
-------------------------+-------+-------++-------
Melee: Short sword       |    78 |       ||    78
       Dagger            |    87 |    46 ||   133
 Cast: Sandblast         |    43 |    35 ||    78
 Stab: Sleeping          |     5 |       ||     5
  Eat: Chunk             |     2 |     2 ||     4
Armor: Robe              |    68 |    41 ||   109
Dodge: Dodged            |   119 |    58 ||   177
